 Dungeon Crawl Stone Soup version 0.27-a0-562-g0d39f094a4 (webtiles) character file.

Game seed: 9341744585593886776

139 Anon1729 the Gusty (level 4, 0/33 HPs)
             Began as a Demigod Air Elementalist on Mar 8, 2021.
             Slain by a phantom (9 damage)
             ... on level 3 of the Dungeon.
             The game lasted 00:03:12 (2934 turns).

Anon1729 the Gusty (Demigod Air Elementalist)       Turns: 2934, Time: 00:03:13

Health: 0/33       AC:  4    Str:  9    XL:     4   Next: 70%
Magic:  5/11       EV: 12    Int: 21    God:
Gold:   157        SH:  0    Dex: 14    Spells: 2/8 levels left

rFire    . . .     SeeInvis .   d - +2 short sword (speed)
rCold    . . .     Faith    .   (no shield)
rNeg     . . .     Spirit   .   a - +0 robe
rPois    .         Reflect  .   (no helmet)
rElec    .         Harm     .   s - +0 cloak
rCorr    .         Rampage  .   c - +0 pair of gloves
Will     .....                  (no boots)
Stlth    ++........             (no amulet)
HPRegen  0.11/turn              (no ring)
MPRegen  0.12/turn              (no ring)

@: no status effects
A: high mp 1, forlorn
a: no special abilities


You were on level 3 of the Dungeon.
You visited 1 branch of the dungeon, and saw 3 of its levels.

You collected 157 gold pieces.

Inventory:

Hand Weapons
 d - a +2 short sword of speed (weapon)
Armour
 a - a +0 robe (worn)
 c - a +0 pair of gloves (worn)
 s - a +0 cloak (worn)
Jewellery
 n - a ring of positive energy
 p - a ring of fire
Scrolls
 b - 3 scrolls of identify {unknown}
 e - a scroll of fog {unknown}
 h - 2 scrolls of random uselessness {unknown}
 i - 2 scrolls of amnesia {unknown}
 l - a scroll of blinking {unknown}
 m - a scroll of teleportation {unknown}
 r - a scroll of fear {unknown}
 t - a scroll of noise {unknown}
Potions
 f - a potion of flight {unknown}
 g - a potion of curing {unknown}
 j - a potion of brilliance {unknown}
 k - 2 potions of degeneration {unknown}
 o - a potion of mutation {unknown}
 q - a potion of lignification {unknown}


   Skills:
 - Level 1.7 Dodging
 - Level 1.7 Stealth
 + Level 2.9 Spellcasting
 + Level 2.5 Conjurations
 + Level 3.7 Air Magic


You had 2 spell levels left.
You knew the following spells:

 Your Spells              Type           Power      Damage    Failure   Level
a - Shock                 Conj/Air       64%        1d7       3%          1
b - Swiftness             Air            18%        N/A       4%          2
c - Static Discharge      Conj/Air       16%        N/A       11%         3

Your spell library contained the following spells:

 Spells                   Type           Power      Damage    Failure   Level
 Airstrike                Air            9%         N/A       28%         4
 Lightning Bolt           Conj/Air       8%         1d20      71%         5


Dungeon Overview and Level Annotations

Branches:
Dungeon (3/15)


Innate Abilities, Weirdness & Mutations

Your attributes grow dramatically as you level up.
You have an increased reservoir of magic. (+10% MP)
You shall have no god before yourself.


Message History

The phantom is moderately damaged.
The phantom closely misses you.
You hit the phantom.
The phantom is moderately damaged.
You hit the phantom.
The phantom is heavily damaged.
The phantom hits you.
The phantom blinks!
You blink.
You barely miss the phantom.
The phantom is heavily damaged.
The phantom hits you.
The phantom blinks!
You blink.
You barely miss the phantom.
The phantom is heavily damaged.
The phantom hits you!
The phantom blinks!
You blink.
You are too injured to fight recklessly!
You are too injured to fight recklessly!
You are too injured to fight recklessly!
You are too injured to fight recklessly!
You closely miss the phantom.
The phantom is heavily damaged.
You hit the phantom.
The phantom is heavily damaged.
The phantom hits you.
* * * LOW HITPOINT WARNING * * *
Casting: Shock (safe; 3% risk of failure)
Confirm with . or Enter, or press ? or * to list all spells.
Aiming: Shock (safe; 3% risk of failure)
Press: ? - help, Shift-Dir - straight line, p - phantom The zap misses the phantom.
The zap hits the phantom.
The phantom is severely damaged.
The phantom closely misses you.
Casting: Shock (safe; 3% risk of failure)
Confirm with . or Enter, or press ? or * to list all spells.
Aiming: Shock (safe; 3% risk of failure)
Press: ? - help, Shift-Dir - straight line The zap hits the phantom.
The phantom is severely damaged.
The zap hits the phantom.
The phantom is severely damaged.
The phantom hits you!
You die...

##.....# ###...#
##.## #+ #.# #.
#.# #. #.#
##.############.#
##....W..........#
#....@############
##...## ......##
#####. #. #. #.


You could see a phantom.

Vanquished Creatures
  Crazy Yiuf (D:2)
  3 adders (D:2)
  3 gnolls (D:2)
  An ooze (D:1)
  A worm (D:2)
  2 dart slugs (D:1)
  4 orcs (D:3)
  3 giant cockroaches
  3 goblins
  9 hobgoblins
  A kobold (D:2)
  A quokka (D:2)
  A ball python (D:2)
  4 bats (D:1)
  A frilled lizard (D:1)
  7 rats
45 creatures vanquished.

Notes
Turn   | Place    | Note
-------+----------+-------------------------------------------
     0 | D:1      | Anon1729 the Demigod Air Elementalist began the quest for
                  | the Orb.
     0 | D:1      | Reached XP level 1. HP: 14/14 MP: 5/5
    72 | D:1      | Reached skill level 1 in Conjurations
   404 | D:1      | Reached XP level 2. HP: 20/20 MP: 1/7
   512 | D:1      | Reached skill level 3 in Air Magic
  1488 | D:2      | Reached XP level 3. HP: 26/26 MP: 0/9
  2043 | D:2      | Reached XP level 4. HP: 26/33 MP: 0/10
  2523 | D:2      | Found a runed translucent door.
  2524 | D:2      | Noticed Crazy Yiuf
  2547 | D:2      | Killed Crazy Yiuf
  2818 | D:3      | Learned a level 2 spell: Swiftness
  2822 | D:3      | Learned a level 3 spell: Static Discharge
  2909 | D:3      | Noticed a phantom
  2934 | D:3      | Slain by a phantom

Illustrated notes

Levels and vault maps discovered:
D:1:      psy_arrival_radial01, layout_basic, minmay_domino_4
D:2:      wander_river, layout_loops_ring, lemuel_coloured_pillars_altar,
          serial_glass, glass_columns_b, glass_columns_a,
          uniq_crazy_yiuf_cottage
D:3:      layout_loops_corners, minmay_statues_item, doesnt_xom_only_xom,
          uniq_jessica, uniq_terence

Skill      XL: |  1  2  3 |
---------------+----------+-----
Conjurations   | 1 2 |  2.5
Spellcasting   | 2 |  2.9
Air Magic      | 3 |  3.7
Dodging        | |  1.7
Stealth        | |  1.7

Action                   |  1- 3 |  4- 6 || total
-------------------------+-------+-------++-------
Melee: Short sword       |    43 |    20 ||    63
 Cast: Shock             |    62 |    33 ||    95
Armor: Robe              |    14 |     2 ||    16
Dodge: Dodged            |    44 |    11 ||    55

Table legend: (Time is in decaauts)
 A = Elapsed time spent in this place.
 B = Non-inter-level travel time spent in this place.
 C = Inter-level travel time spent in this place.
 D = Time resting spent in this place.
 E = Time spent auto-exploring this place.
 F = Levels seen in this place.
 G = Mean time per level.
                   A        B        C        D        E       F      G
               +--------+--------+--------+--------+--------+-----+--------+
         Total |   2932 |   2823 |    109 |     37 |   2473 |   3 |  977.3 |
       Dungeon |   2932 |   2823 |    109 |     37 |   2473 |   3 |  977.3 |
               +--------+--------+--------+--------+--------+-----+--------+

Top non-repeatable levels by time:
     D:2: 1433 daAuts
     D:1: 1323 daAuts
     D:3: 176 daAuts
